 Dungeon Crawl Stone Soup version 0.21-a0-85-ga0cb861 (webtiles) character file.

51 tidbits the Insei (level 3, -8/22 HPs)
             Began as an Octopode Air Elementalist on June 25, 2017.
             Mangled by a goblin
             ... wielding a +2 dagger of electrocution
             ... led by Robin
              (15 damage)
             ... on level 3 of the Dungeon.
             The game lasted 00:05:15 (2295 turns).

tidbits the Insei (Octopode Air Elementalist)       Turns: 2295, Time: 00:05:16

Health: -8/22      AC:  1    Str:  7    XL:     3   Next: 81%
Magic:  6/6        EV: 13    Int: 17    God:
Gold:   131        SH:  0    Dex: 13    Spells: 3/6 levels left

rFire    . . .     SeeInvis .     - Unarmed
rCold    . . .     Gourm    .   (no shield)
rNeg     . . .     Faith    .   (helmet restricted)
rPois    .         Spirit   .   (no amulet)
rElec    .         Reflect  .   n - ring of stealth
rCorr    .         Harm     .   j - ring of protection from magic
MR       +....                  (no ring)
Stlth    ++++......             (no ring)
HPRegen  0.07/turn              (no ring)
MPRegen  0.10/turn              (no ring)
                                (no ring)
                                (no ring)

@: no status effects
A: almost no armour, stealthy swim, amphibious, 8 rings, constrict 8, camouflage
1, gelatinous body 1
a: no special abilities


You were on level 3 of the Dungeon.
You were not hungry.

You visited 1 branch of the dungeon, and saw 3 of its levels.

You collected 131 gold pieces.

Inventory:

Hand Weapons
 r - a +0 dagger
Missiles
 h - 98 stones (quivered)
Jewellery
 j - a ring of protection from magic (right tentacle)
 n - a ring of stealth (left tentacle)
Scrolls
 e - a scroll of fog
 g - a scroll of amnesia {unknown}
 l - a scroll of fear {unknown}
 m - a scroll of enchant armour {unknown}
 o - a scroll of magic mapping {unknown}
 p - 2 scrolls of remove curse {unknown}
 s - a scroll of identify
Potions
 c - a potion of flight
 d - a potion of heal wounds {unknown}
 f - a potion of degeneration {unknown}
 i - a potion of magic {unknown}
 k - 2 potions of curing {unknown}
 t - a potion of lignification {unknown}
Books
 a - a book of Air

   Spells                             Type                      Level
   a - Shock                          Conjuration/Air              1
   b - Swiftness                      Charms/Air                   2
   c - Static Discharge               Conjuration/Air              3
   d - Airstrike                      Air                          4
   e - Lightning Bolt                 Conjuration/Air              5
Comestibles
 b - 2 bread rations
 q - a chunk of flesh
 u - a meat ration


   Skills:
 + Level 0.4 Fighting
 - Level 2.0 Dodging
 - Level 2.6 Stealth
 + Level 3.2 Unarmed Combat
 - Level 2.0 Spellcasting
 - Level 1.0 Conjurations
 - Level 3.0 Air Magic


You had 3 spell levels left.
You knew the following spells:

 Your Spells              Type           Power        Failure   Level  Hunger
z - Shock                 Conj/Air       #...         9%          1    #......
W - Swiftness             Chrm/Air       #.......     16%         2    ###....


Dungeon Overview and Level Annotations

Branches:
Dungeon (3/15)

Altars:
Fedhas

Annotations:
D:3 exclusion: orc, Robin


Innate Abilities, Weirdness & Mutations

You cannot wear most types of armour.
You are very stealthy in the water. (Stealth+)
You are amphibious.
You can wear up to eight rings at the same time.
You can use your tentacles to constrict eight enemies at once.
Your skin changes colour to match your surroundings (Stealth+).
Your rubbery body absorbs attacks. (AC +1, EV +1)


Message History

A goblin comes into view.
It is wielding a dagger of electrocution.
You tentacle-slap the goblin.
The goblin is severely wounded.
You constrict the goblin.
You kill the goblin!
You tentacle-slap the goblin.
You kill the goblin!
A goblin comes into view.
You closely miss the goblin. Your grab misses the goblin.
Your squeeze misses the goblin.
The goblin hits you with a dagger of electrocution.
You closely miss the goblin. Your grab misses the goblin.
The goblin closely misses you.
Robin of the Strong Arm comes into view.
She is wielding a whip.
You barely miss the goblin. Your grab misses the goblin.
Robin throws the goblin at you!
The goblin hits you with a dagger of electrocution.
You are electrocuted!
Ouch! That really hurt!
You die...

#.#
#.#
#.#
#.#
#.#
#†#
#.#
#g#
#@#
#g#
#g#
g.#
###


You could see Robin, a hobgoblin and 2 goblins.

Vanquished Creatures
  An adder zombie (D:1)
  2 dart slugs (D:1)
  5 giant cockroaches
  11 goblins
  4 hobgoblins
  4 kobolds
  A ball python (D:2)
  2 bats (D:3)
  A frilled lizard (D:2)
  A giant cockroach zombie (D:1)
  6 rats
38 creatures vanquished.

Vanquished Creatures (others)
  13 toadstools (D:2)
13 creatures vanquished.

Grand Total: 51 creatures vanquished

Notes
Turn   | Place    | Note
-------+----------+-------------------------------------------
     0 | D:1      | tidbits the Octopode Air Elementalist began the quest for the Orb.
     0 | D:1      | Reached XP level 1. HP: 11/11 MP: 3/3
    39 | D:1      | Reached skill level 1 in Unarmed Combat
   486 | D:1      | Reached XP level 2. HP: 17/17 MP: 1/5
   933 | D:1      | Learned a level 2 spell: Swiftness
  1233 | D:2      | Reached XP level 3. HP: 21/21 MP: 6/6
  1768 | D:2      | Found a blossoming altar of Fedhas.
  2295 | D:3      | Noticed Robin
  2295 | D:3      | Mangled by a goblin

Vault maps used:
D:1:      saegor_arrival_fortress, serial_forest, infiniplex_forest_end_2,
          infiniplex_forest_zigzag_1, infiniplex_forest_side_room,
          infiniplex_forest_corner_2, infiniplex_forest_pool,
          infiniplex_forest_clump_large
D:2:      tgw_fedhas
D:3:      kennysheep_the_goblin_king, overflow_temple_1_default,
          nicolae_qazlal_general_emergency, uniq_robin

Skill      XL: |  1  2  3 |
---------------+----------+-----
Unarmed Combat | 1 2 3 |  3.2
Fighting       | |  0.4
Dodging        | |  2.0
Stealth        | |  2.6
Spellcasting   | |  2.0
Conjurations   | |  1.0
Air Magic      | |  3.0

Action                   || total
-------------------------++-------
Melee: Unarmed           ||    51
       Constrict         ||    19
       Tentacles         ||     7
       Punch             ||     2
 Cast: Shock             ||    28
  Use: Scroll            ||     2
 Stab: Distracted        ||     1
       Sleeping          ||     4
  Eat: Chunk             ||     5
Armor: Skin              ||     6
Dodge: Dodged            ||    25
